 Dungeon Crawl Stone Soup version 0.31-a0-1611-g890cdf5628 (webtiles) character file.

Game seed: 6032256421570941556

10413 jlumianski the Grappler (level 11, -3/84 HPs)
             Began as a Gnoll Shapeshifter on Jan 8, 2024.
             Was a Priest of Wu Jian.
             Collided with a briar patch (4 damage)
             ... after being knocked back by a swamp worm
             ... on level 10 of the Dungeon on Jan 9, 2024.
             The game lasted 00:42:57 (9408 turns).

jlumianski the Grappler (Gnoll Shapeshifter)        Turns: 9408, Time: 00:42:57

Health: -3/84      AC: 27    Str: 18    XL:     11   Next: 61%
Magic:  21/21      EV:  8    Int:  9    God:    Wu Jian [***...]
Gold:   190        SH:  0    Dex: 14    Spells: 24/24 levels left

rFire   . . .        T - +1 lajatang (freeze)
rCold   . . .        (shield currently unavailable)
rNeg    . . .        I - +10 plate armour of Gyseraott {*Corrode rElec Dex+2}
rPois   .            (helmet currently unavailable)
rElec   +            (cloak currently unavailable)
rCorr   .            (gloves currently unavailable)
SInv    .            (boots currently unavailable)
Will    +....        y - amulet of regeneration Stlth
                     s - ring of willpower
HPRegen 1.14/turn    O - +4 ring of protection
MPRegen 0.17/turn

%: corrode self (3%)
@: lethally poisoned (-3 -> -6), beast-form, slowed, very slow
A: beast (slay +4), fangs 1, strong nose, distributed training
a: Begin Untransformation, Renounce Religion, Wall Jump, Serpent's Lash


You were on level 10 of the Dungeon.
You worshipped Wu Jian.
Wu Jian was most pleased with you.
You were a hulking beast.
You visited 2 branches of the dungeon, and saw 12 of its levels.

You collected 655 gold pieces.
You spent 465 gold pieces at shops.

Inventory:

Hand Weapons
 u - a +0 demon whip of venom
 T - a +1 lajatang of freezing (weapon)
Missiles
 l - 39 poisoned darts (quivered)
 p - 4 boomerangs
 q - 6 datura-tipped darts
 B - 2 throwing nets
 K - a curare-tipped dart
Armour
 I - the +10 plate armour of Gyseraott (worn) {*Corrode rElec Dex+2}
   (You found it on level 8 of the Dungeon)

   Dex+2:     It affects your dexterity (+2).
   rElec:     It insulates you from electricity.
   *Corrode:  It may corrode you when you take damage.
Jewellery
 s - a ring of willpower (left hand)
 w - a ring of fire
 y - an amulet of regeneration (around neck)
 C - a ring of fire
 D - the ring of the Death Scarab {Ice Str+5 Dex-5}
   (You took it off an orc on level 6 of the Dungeon)

   [ring of ice]

   Ice:       It enhances your ice magic.
   Str+5:     It affects your strength (+5).
   Dex-5:     It affects your dexterity (-5).
   rF-:       It makes you vulnerable to fire.
   rC+:       It protects you from cold.
 O - a +4 ring of protection (right hand)
 Q - a ring of flight
Talismans
 c - a beast talisman
Wands
 A - a wand of acid (10)
 N - a wand of polymorph (7)
 S - a wand of flame (29)
Scrolls
 f - a scroll of summoning
 x - a scroll of poison
 F - a scroll of silence
 V - a scroll of fear
 W - 2 scrolls of teleportation
Potions
 b - 2 potions of lignification
 e - 2 potions of might
 t - 5 potions of curing
 z - a potion of haste {unknown}
 E - a potion of heal wounds
 J - a potion of cancellation {unknown}
 L - a potion of berserk rage {unknown}
 P - a potion of magic {unknown}
 R - a potion of attraction


   Skills:
 + Level 7.6 Fighting
 + Level 7.1 Short Blades
 + Level 7.1 Long Blades
 + Level 7.1 Axes
 + Level 7.1 Maces & Flails
 + Level 7.1 Polearms
 + Level 7.1 Staves
 + Level 7.1 Ranged Weapons
 + Level 7.1 Throwing
 + Level 7.1 Armour
 + Level 8.5 Dodging
 + Level 7.1 Stealth
 + Level 7.1 Shields
 + Level 9.7 Unarmed Combat
 + Level 7.1 Spellcasting
 + Level 5.9 Conjurations
 + Level 5.9 Hexes
 + Level 5.9 Summonings
 + Level 5.9 Necromancy
 + Level 5.9 Translocations
 + Level 5.9 Fire Magic
 + Level 5.9 Ice Magic
 + Level 5.9 Air Magic
 + Level 5.9 Earth Magic
 + Level 5.9 Alchemy
 + Level 7.8 Invocations
 + Level 7.1 Evocations
 + Level 9.3 Shapeshifting


You had 24 spell levels left.
You didn't know any spells.
Your spell library contained the following spells:

 Spells                   Type           Power      Damage    Failure   Level
 Apportation              Tloc           26%        N/A       45%         1
 Necrotise                Necr           52%        1d6       45%         1
 Sting                    Conj/Alch      52%        1d6       45%         1
 Summon Small Mammal      Summ           52%        N/A       45%         1
 Lesser Beckoning         Tloc           26%        N/A       58%         2
 Gell's Gravitas          Tloc           13%        N/A       83%         3
 Summon Ice Beast         Ice/Summ       13%        N/A       83%         3
 Teleport Other           Tloc           13%        N/A       83%         3
 Vampiric Draining        Necr           13%        2d6       83%         3
 Volatile Blastmotes      Fire/Tloc      26%        2d12      83%         3
 Fulminant Prism          Conj/Alch      6%         3d7       99%         4
 Iskenderun's Mystic Bla  Conj/Tloc      13%        2d5       99%         4
 Martyr's Knell           Necr/Summ      13%        N/A       99%         4
 Curse of Agony           Necr           13%        N/A       100%        5
 Summon Mana Viper        Hex/Summ       13%        N/A       100%        5
 Monstrous Menagerie      Summ           6%         N/A       100%        7


Dungeon Overview and Level Annotations

Branches:
Dungeon (11/15)            Temple (1/1) D:7            Lair (0/5) D:10
    Orc (0/2) D:9

Altars:
Ashenzari
Cheibriados
Dithmenos
Elyvilon
Fedhas
Gozag
Hepliaklqana
Kikubaaqudgha
Makhleb
Nemelex Xobeh
Okawaru
Qazlal
Ru
Sif Muna
Trog
Uskayaw
Vehumet
Wu Jian
Xom
Yredelemnul
Zin
The Shining One

Shops:
D:3 (

Annotations:
D:7 4 runed translucent doors
D:10 1 transporter


Innate Abilities, Weirdness & Mutations

You are a hulking beast.
Your limbs bulge with bestial killing power. (Slay +4)
You have very sharp teeth.
Your uncanny sense of smell can sniff out nearby items.
Your experience applies equally to all skills.


Message History

You violently stop moving!
You slash the briar patch! You freeze the briar patch.
You destroy the briar patch!
You are engulfed in dark miasma.
You are poisoned.
You feel yourself slow down.
You feel extremely sick.
The swamp worm fires a harpoon shot at you.
The harpoon shot hits you but does no damage.
The swamp worm fires a harpoon shot at you.
The harpoon shot hits you!
You are yanked forward by the harpoon shot.
You violently stop moving!
The swamp worm fires a harpoon shot at you.
The harpoon shot misses you.
The swamp worm fires a harpoon shot at you.
The harpoon shot misses you.
You become entangled in the net!
You feel very sick.
The swamp worm fires a harpoon shot at you.
The harpoon shot hits you but does no damage.
There is a net trap here.
You see here a throwing net.
You struggle against the net.
You feel very sick.
The swamp worm fires a harpoon shot at you.
The harpoon shot hits you but does no damage.
The swamp worm fires a harpoon shot at you.
The harpoon shot hits you!
* * * LOW HITPOINT WARNING * * *
You are yanked forward by the harpoon shot.
You violently stop moving!
* * * LOW HITPOINT WARNING * * *
The swamp worm fires a harpoon shot at you.
The harpoon shot hits you!
* * * LOW HITPOINT WARNING * * *
You are yanked forward by the harpoon shot.
You collide with the briar patch!
The briar patch is heavily damaged.
You die...

#.#.##.## #................##.##
#...##..# ##...©...........(..#
#######.# ##..#####..#.#########
...# #.###.###P©P###..#########
...# #..##.##≈P^.§♣#..#########
~..####..##.#w≈P^.≈##..#########
...##....##.##≈P^.≈w#..#########
...##.##.##.#♣≈P^☼###..#########
......##.##.###○h.≈♣#..#########
≈~.#####..#.#w§P^P≈##....# ...#
##...##≈P°P≈w#.##.# ~..#
##..####+####.##.# ...#
#....#[$?#.##.#.# ...#
#....#[©=#....#.###### ...#
###..#####.##...#....# ...#
#....©...##...#..#.# ~..#
#..####..##)[.#..#.#


You could see 4 swamp worms.

Vanquished Creatures
  A two-headed ogre (D:8)
  Amaemon (D:9)
  Pikel (D:8)
  An orange demon (D:9)
  An unseen horror (D:9)
  Jeremiah (D:6)
  2 tengu conjurers (D:10)
  5 trolls
  A vampire (D:10)
  9 yaks (D:10)
  A shadow (D:11)
  A wraith (D:10)
  A wyvern (D:10)
  A water moccasin (D:5)
  6 orc warriors
  A sky beast (D:7)
  7 centaurs
  3 wolves
  A phantom (D:6)
  A kobold brigand (D:7)
  A gnoll sergeant (D:10)
  2 scorpions
  A bullfrog (D:8)
  7 wights
  8 killer bees
  2 howler monkeys
  An electric eel (D:10)
  A bombardier beetle (D:5)
  5 jellies
  8 orc priests
  9 hounds
  A gnoll bouda (D:6)
  An iguana (D:4)
  7 orc wizards
  4 sleepcaps
  8 gnolls
  6 adders
  A shadow imp (D:7)
  A white imp (D:6)
  A dart slug (D:1)
  61 orcs
  7 ball pythons
  6 bats
  12 endoplasms
  8 giant cockroaches
  6 goblins
  4 hobgoblins
  7 jackals
  19 kobolds
  8 quokkas
  4 frilled lizards (D:1)
  4 rats
267 creatures vanquished.

Notes
Turn   | Place    | Note
-------+----------+-------------------------------------------
     0 | D:1      | jlumianski the Gnoll Shapeshifter began the quest for the
                  | Orb.
     0 | D:1      | Reached XP level 1. HP: 17/17 MP: 1/1
    28 | D:1      | Reached XP level 2. HP: 23/23 MP: 2/2
    80 | D:1      | Reached XP level 3. HP: 22/28 MP: 3/3
   195 | D:1      | Reached skill level 1 in Invocations
   559 | D:2      | Reached skill level 1 in Short Blades
   559 | D:2      | Reached skill level 1 in Long Blades
   559 | D:2      | Reached skill level 1 in Axes
   559 | D:2      | Reached skill level 1 in Maces & Flails
   559 | D:2      | Reached skill level 1 in Polearms
   559 | D:2      | Reached skill level 1 in Staves
   559 | D:2      | Reached skill level 1 in Ranged Weapons
   559 | D:2      | Reached skill level 1 in Throwing
   559 | D:2      | Reached skill level 1 in Armour
   559 | D:2      | Reached skill level 1 in Stealth
   559 | D:2      | Reached skill level 1 in Shields
   559 | D:2      | Reached skill level 1 in Spellcasting
   559 | D:2      | Reached skill level 1 in Evocations
   665 | D:1      | Found a faded altar of an unknown god.
   894 | D:2      | Reached XP level 4. HP: 34/34 MP: 5/5
   942 | D:2      | Found a glowing silver altar of Zin.
  1261 | D:2      | Reached skill level 1 in Conjurations
  1261 | D:2      | Reached skill level 1 in Hexes
  1261 | D:2      | Reached skill level 1 in Summonings
  1261 | D:2      | Reached skill level 1 in Necromancy
  1261 | D:2      | Reached skill level 1 in Translocations
  1261 | D:2      | Reached skill level 1 in Fire Magic
  1261 | D:2      | Reached skill level 1 in Ice Magic
  1261 | D:2      | Reached skill level 1 in Air Magic
  1261 | D:2      | Reached skill level 1 in Earth Magic
  1261 | D:2      | Reached skill level 1 in Alchemy
  1904 | D:3      | Found a hide-covered altar of Uskayaw.
  2064 | D:3      | Reached XP level 5. HP: 39/41 MP: 7/7
  2159 | D:3      | Found a sparkling altar of Nemelex Xobeh.
  2267 | D:3      | Found Hiuth's Antique Weapon Emporium.
  2626 | D:5      | Entered Level 5 of the Dungeon
  2763 | D:4      | Reached XP level 6. HP: 31/47 MP: 8/8
  2858 | D:4      | Found an ancient bone altar of Kikubaaqudgha.
  3077 | D:5      | Reached skill level 5 in Dodging
  3280 | D:5      | Noticed a water moccasin
  3290 | D:5      | Killed a water moccasin
  3316 | D:5      | Reached skill level 5 in Fighting
  3316 | D:5      | Reached skill level 5 in Short Blades
  3316 | D:5      | Reached skill level 5 in Long Blades
  3316 | D:5      | Reached skill level 5 in Axes
  3316 | D:5      | Reached skill level 5 in Maces & Flails
  3316 | D:5      | Reached skill level 5 in Polearms
  3316 | D:5      | Reached skill level 5 in Staves
  3316 | D:5      | Reached skill level 5 in Ranged Weapons
  3316 | D:5      | Reached skill level 5 in Throwing
  3316 | D:5      | Reached skill level 5 in Armour
  3316 | D:5      | Reached skill level 5 in Stealth
  3316 | D:5      | Reached skill level 5 in Shields
  3316 | D:5      | Reached skill level 5 in Spellcasting
  3316 | D:5      | Reached skill level 5 in Invocations
  3316 | D:5      | Reached skill level 5 in Evocations
  3316 | D:5      | Reached XP level 7. HP: 54/57 MP: 9/14
  3465 | D:5      | Reached XP level 8. HP: 60/64 MP: 15/15
  3626 | D:6      | Noticed Jeremiah
  4120 | D:6      | Identified the ring of the Death Scarab {Ice Str+5 Dex-5}
  4416 | D:6      | Found a sacrificial altar of Ru.
  4596 | D:7      | Found a runed translucent door.
  4665 | D:7      | Found Byosega's Tiny Tomes.
  4795 | D:6      | Killed Jeremiah
  5031 | D:8      | Identified the +10 plate armour of Gyseraott {*Corrode
                  | rElec Dex+2}
  5205 | D:7      | Reached XP level 9. HP: 67/68 MP: 17/17
  5380 | D:8      | Found a burning altar of Makhleb.
  5438 | D:7      | Found a staircase to the Ecumenical Temple.
  5503 | Temple   | Entered the Ecumenical Temple
  5518 | Temple   | Became a worshipper of the Wu Jian Council
  5614 | D:7      | Found a radiant altar of Vehumet.
  5623 | D:7      | Found a glowing silver altar of Zin.
  5859 | D:7      | Found a runed translucent door.
  5859 | D:7      | Found a large runed translucent door.
  5918 | D:7      | Found a large runed translucent door.
  6063 | D:7      | Found a large runed translucent door.
  6063 | D:7      | Found a large runed translucent door.
  6063 | D:7      | Found a runed translucent door.
  6574 | D:8      | Noticed Pikel
  6582 | D:8      | Killed Pikel
  6609 | D:8      | Noticed a two-headed ogre
  6622 | D:8      | Reached XP level 10. HP: 62/77 MP: 18/18
  6628 | D:8      | Killed a two-headed ogre
  6629 | D:8      | Reached skill level 5 in Conjurations
  6629 | D:8      | Reached skill level 5 in Hexes
  6629 | D:8      | Reached skill level 5 in Summonings
  6629 | D:8      | Reached skill level 5 in Necromancy
  6629 | D:8      | Reached skill level 5 in Translocations
  6629 | D:8      | Reached skill level 5 in Fire Magic
  6629 | D:8      | Reached skill level 5 in Ice Magic
  6629 | D:8      | Reached skill level 5 in Air Magic
  6629 | D:8      | Reached skill level 5 in Earth Magic
  6629 | D:8      | Reached skill level 5 in Alchemy
  6630 | D:8      | Reached * piety under Wu Jian
  6832 | D:9      | Noticed Amaemon
  6832 | D:9      | Noticed an orange demon
  7020 | D:9      | Killed an unseen horror
  7161 | D:9      | Found a staircase to the Orcish Mines.
  7391 | D:3      | Bought a lajatang for 465 gold pieces
  7551 | D:8      | Reached ** piety under Wu Jian
  7709 | D:9      | Found a basalt altar of Yredelemnul.
  7864 | D:9      | Killed Amaemon
  7945 | D:10     | Entered Level 10 of the Dungeon
  7962 | D:10     | Reached XP level 11. HP: 70/84 MP: 20/20
  8182 | D:9      | Found a shimmering altar of Xom.
  8610 | D:10     | Found a transporter.
  8669 | D:10     | Found a transporter.
  8738 | D:10     | Found the sphere of Battle
  8828 | D:10     | Reached *** piety under Wu Jian
  8999 | D:10     | Found a staircase to the Lair.
  9408 | D:10     | HP: 1/84 [swamp worm/harpoon shot (8)]
  9408 | D:10     | Collided with a briar patch

Illustrated notes

Levels and vault maps discovered:
D:1:      minmay_arrival_stair_chambers, layout_basic,
          shapermc_ecumenical_altar_starsandcircs, minmay_misc_feat_tiny,
          minmay_heptomino_w4
D:2:      layout_loops_corners, basic_altar, chequers_avenue,
          grunt_decor_fettered
D:3:      layout_rooms, nemelex_dance_club_becter, general_overflow_altar,
          serial_shops, shop
D:4:      layout_rooms, lemuel_crystal_altar
D:5:      layout_loops_corners
D:6:      layout_basic, old_standard_altar, uniq_jeremiah
D:7:      layout_basic, zin_scriptorium, fiery_altar_vehumet,
          minmay_temple_entry_statues, nicolae_shop_i_like_small_books_too,
          minmay_misc_feat_chi, lightli_church_of_beogh
D:8:      layout_rooms, mainiacjoe_overflow_24_doors, serial_glass,
          glass_columns_a, glass_columns_a, minmay_misc_feat_plants, uniq_pikel
D:9:      layout_cave_pools, regret_index_xom_buried_treasure,
          mainiacjoe_overflow_six_doors_small, hiddenorc2_lemuel,
          dreamdust_princess_corridor, kennysheep_generic_room_13, uniq_amaemon
D:10:     gammafunk_worm_tunnel, layout_basic, erik_lair_island,
          hellmonk_guarded_unrand_sphere_of_battle
D:11:     layout_cross, nicolae_ru_path_of_blood, uniq_snorg
Temple:   dshaligram_water_room_temple

Skill      XL: |  1  2  3  4  5  6  7  8  9 10 11 |
---------------+----------------------------------+-----
Invocations    | 1 2 5 6 7 |  7.8
Short Blades   | 1 5 6 7 |  7.1
Long Blades    | 1 5 6 7 |  7.1
Axes           | 1 5 6 7 |  7.1
Maces & Flails | 1 5 6 7 |  7.1
Polearms       | 1 5 6 7 |  7.1
Staves         | 1 5 6 7 |  7.1
Ranged Weapons | 1 5 6 7 |  7.1
Throwing       | 1 5 6 7 |  7.1
Armour         | 1 5 6 7 |  7.1
Stealth        | 1 5 6 7 |  7.1
Shields        | 1 5 6 7 |  7.1
Spellcasting   | 1 5 6 7 |  7.1
Evocations     | 1 5 6 7 |  7.1
Conjurations   | 1 4 5 |  5.9
Hexes          | 1 4 5 |  5.9
Summonings     | 1 4 5 |  5.9
Necromancy     | 1 4 5 |  5.9
Translocations | 1 4 5 |  5.9
Fire Magic     | 1 4 5 |  5.9
Ice Magic      | 1 4 5 |  5.9
Air Magic      | 1 4 5 |  5.9
Earth Magic    | 1 4 5 |  5.9
Alchemy        | 1 4 5 |  5.9
Fighting       | 3 5 6 7 |  7.6
Dodging        | 6 7 8 |  8.5
Unarmed Combat | 8 9 |  9.7
Shapeshifting  | 8 9 |  9.3

Action                     |  1- 3 |  4- 6 |  7- 9 | 10-12 || total
---------------------------+-------+-------+-------+-------++-------
  Melee: Unarmed           |    69 |   127 |   232 |    88 ||   516
         Punch             |     4 |     6 |    14 |     4 ||    28
         Bite              |     5 |    10 |    22 |    39 ||    76
         Lajatang          |       |       |       |   229 ||   229
  Throw: Dart              |       |     4 |     6 |     4 ||    14
Ability: Lunge             |       |       |     9 |    22 ||    31
         Whirlwind         |       |       |       |    33 ||    33
         Wall Jump         |       |       |       |    28 ||    28
  Evoke: Wand              |       |       |       |     1 ||     1
    Use: Scroll            |       |     7 |     5 |     5 ||    17
         Potion            |       |     1 |     1 |     2 ||     4
   Stab: Sleeping          |     3 |       |       |       ||     3
 Armour: Animal skin       |    14 |       |       |       ||    14
         Scale mail        |     1 |    67 |    52 |       ||   120
         Plate armour      |       |       |   105 |   446 ||   551
  Dodge: Dodged            |    35 |    55 |   101 |   172 ||   363

Table legend: (Time is in decaauts)
 A = Elapsed time spent in this place.
 B = Non-inter-level travel time spent in this place.
 C = Inter-level travel time spent in this place.
 D = Time resting spent in this place.
 E = Time spent auto-exploring this place.
 F = Levels seen in this place.
 G = Mean time per level.
                   A        B        C        D        E       F      G
               +--------+--------+--------+--------+--------+-----+--------+
         Total |   9412 |   8869 |    543 |    347 |   4670 |  12 |  784.3 |
       Dungeon |   9384 |   8841 |    543 |    347 |   4670 |  11 |  853.1 |
        Temple |     28 |     28 |      0 |      0 |      0 |   1 |   28.0 |
               +--------+--------+--------+--------+--------+-----+--------+

Top non-repeatable levels by time:
     D:7: 1508 daAuts
     D:9: 1249 daAuts
     D:5: 1059 daAuts
     D:2: 910 daAuts
     D:3: 862 daAuts
    D:10: 853 daAuts
     D:1: 790 daAuts
     D:6: 787 daAuts
     D:8: 755 daAuts
     D:4: 531 daAuts
    D:11: 77 daAuts
  Temple: 28 daAuts
